 Dungeon Crawl Stone Soup version 0.18.1-6-gd335043 (webtiles) character file.

5119 deorigin the Bludgeoner (level 10, -4/160 HPs)
             Began as an Ogre Berserker on May 17, 2016.
             Was a High Priest of Trog.
             Slain by a goblin
             ... wielding a +0 hand axe
              (8 damage)
             ... on level 9 of the Dungeon.
             The game lasted 00:20:59 (10704 turns).

deorigin the Bludgeoner (Ogre Berserker)           Turns: 10704, Time: 00:21:01

Health: -4/160     AC:  4    Str: 29    XL:     10   Next: 58%
Magic:  10/10      EV: 11    Int:  6    God:    Trog [*****.]
Gold:   534        SH:  0    Dex: 15    Spells: 0 memorised, 9 levels left

rFire  . . .     SeeInvis .     y - +1 whip (elec)
rCold  + . .     Gourm    .     b - +0 animal skin
rNeg   . . .     Faith    .     (no shield)
rPois  .         Spirit   .     (helmet restricted)
rElec  .         Dismiss  .     D - +0 cloak
rCorr  .         Reflect  .     (gloves unavailable)
SustAt .         Harm     .     (boots unavailable)
MR     +....                    (no amulet)
Stlth  ..........               N - +3 ring of dexterity
                                f - ring of protection from cold

@: berserking, very quick, somewhat resistant to hostile enchantments, extremely
unstealthy
A: unfitting armour, tough skin 1
a: Berserk, Trog's Hand, Brothers in Arms, Burn Spellbooks, Renounce Religion


You were on level 9 of the Dungeon.
You worshipped Trog.
Trog was extremely pleased with you.
You were not hungry.

You visited 1 branch of the dungeon, and saw 9 of its levels.

You collected 534 gold pieces.

Inventory:

Hand Weapons
 a - a +1 giant club
 k - a +0 flail
 m - a cursed -2 flail
 v - a +0 dagger of venom
 y - a +1 whip of electrocution (weapon)
 F - a +2 morningstar of distortion
 I - a +0 giant club
 P - a +1 flail
Missiles
 p - 27 poisoned needles
 E - 3 tomahawks
 L - 5 large rocks (quivered)
 M - a throwing net
Armour
 b - a +0 animal skin (worn)
 D - a +0 cloak (worn)
Jewellery
 f - a ring of protection from cold (left hand)
 g - an uncursed ring of fire
 N - a +3 ring of dexterity (right hand)
Wands
 d - a wand of lightning (3/15)
 l - a wand of paralysis (11/24)
 w - a wand of disintegration (16/24)
 H - a wand of lightning (5/15)
 Q - a wand of paralysis (15/24)
Scrolls
 e - a scroll of enchant armour {unknown}
 h - a scroll of magic mapping {unknown}
 i - 2 scrolls of remove curse
 j - a scroll of random uselessness
 o - a scroll of teleportation {unknown}
 q - 2 scrolls of amnesia {unknown}
 r - a scroll of noise
 s - 2 scrolls of blinking
 x - a scroll of fog {unknown}
 z - 2 scrolls of fear
 B - a scroll of enchant weapon
 J - a scroll of immolation {unknown}
 T - a scroll of recharging {unknown}
Potions
 n - 3 potions of lignification
 A - 2 potions of cure mutation
 C - a potion of curing
 G - 3 potions of agility
 K - a potion of flight {unknown}
 O - a potion of magic {unknown}
 R - a potion of mutation {unknown}
 S - 3 potions of ambrosia
 V - a potion of heal wounds {unknown}
Comestibles
 c - 6 bread rations
 t - 3 meat rations
 u - a beef jerky
 U - 15 fruits
 W - 3 chunks of flesh


   Skills:
 + Level 9.5 Fighting
 + Level 16.4 Maces & Flails
 * Level 4.0 Throwing
 - Level 2.6 Dodging


You had 9 spell levels left.
You didn't know any spells.

Dungeon Overview and Level Annotations

Branches:
Dungeon (9/15)             Temple (0/1) D:4
   Lair: D:8-11         Orc: D:9-12

Altars:
Fedhas
Kikubaaqudgha
Pakellas
Qazlal
Ru
Sif Muna
Zin
The Shining One

Shops:
D:4 }   D:5 =

Annotations:
D:5 nikopol's ghost, novice MiBe


Innate Abilities, Weirdness & Mutations

You are too large for most types of armour.
You have tough skin (AC +1).


Message History

You whack the orc priest!
There is a sudden explosion of sparks!
You kill the orc priest!
Trog accepts your kill.
The goblin throws a stone.
The stone hits you.
* * * LOW HITPOINT WARNING * * *
The wasp zombie closely misses you. The orc priest barely misses you.
You whack the orc priest!
The orc priest is severely wounded.
You whack the orc priest!
You kill the orc priest!
Trog accepts your kill.
You whack the wasp zombie! The wasp zombie closely misses you.
The goblin throws a stone.
The stone misses you.
You hit the wasp zombie but do no damage.
There is a sudden explosion of sparks!
You thrash the wasp zombie!!
You destroy the wasp zombie!
Your Throwing skill increases to level 4!
The goblin hits you with a hand axe!
You die...

#......)#..#
#.....
#.......#..#
#.....
#...(...#..#
#.####
#.......#..#
#.#
#.......#..#
#.#
...####....#...
..#
......'....#...
..#
#######()..'.#
#.....)@)..#.#
#......g...#.#
#..........# #
#..........#
...........#
#####......#
#......'
#......#.


You could see a goblin.

Vanquished Creatures
  Maurice (D:8)
  A two-headed ogre (D:8)
  A wyvern (D:8)
  3 yaks (D:9)
  A water moccasin (D:7)
  2 sky beasts
  3 ice beasts
  5 orc warriors
  2 black bears
  A necrophage (D:8)
  2 phantoms
  4 ogres
  A centaur (D:8)
  A crocodile (D:9)
  2 giant frogs
  4 scorpions
  5 killer bees
  4 wights (D:8)
  A howler monkey (D:6)
  A wasp zombie (D:9)
  A crimson imp (D:8)
  2 giant frog zombies
  11 orc priests
  A centaur zombie (D:8)
  7 hounds
  2 orc wizards (D:5)
  2 iguanas
  8 worker ants
  2 hound skeletons
  7 adders
  5 gnolls
  2 shadow imps
  2 oozes (D:5)
  2 adder skeletons
  4 worms (D:2)
  3 dart slugs
  6 giant geckos
  37 orcs
  10 giant cockroaches
  8 goblins
  9 hobgoblins
  7 jackals
  9 kobolds
  3 quokkas
  5 bats
  A giant gecko skeleton (D:8)
  3 giant newts
  A quokka skeleton (D:5)
  A quokka zombie (D:7)
  4 rats
210 creatures vanquished.

Vanquished Creatures (others)
  A human (D:5)
  A worker ant (D:5)
2 creatures vanquished.

Grand Total: 212 creatures vanquished

Notes
Turn   | Place    | Note
--------------------------------------------------------------
     0 | D:1      | deorigin the Ogre Berserker began the quest for the Orb.
     0 | D:1      | Reached XP level 1. HP: 24/24 MP: 1/1
   101 | D:1      | Reached XP level 2. HP: 17/32 MP: 2/2
   265 | D:1      | Reached skill level 5 in Maces & Flails
   633 | D:1      | Reached XP level 3. HP: 34/39 MP: 3/3
   859 | D:1      | Reached ** piety under Trog
   915 | D:2      | Reached skill level 6 in Maces & Flails
  1151 | D:2      | Reached XP level 4. HP: 39/48 MP: 4/4
  1737 | D:3      | Reached skill level 7 in Maces & Flails
  1737 | D:3      | Reached XP level 5. HP: 54/54 MP: 5/5
  2115 | D:3      | Reached *** piety under Trog
  2121 | D:3      | Reached skill level 8 in Maces & Flails
  2507 | D:4      | Found Heapa's Gadget Boutique.
  2543 | D:4      | Found a glowing silver altar of Zin.
  2573 | D:4      | Reached XP level 6. HP: 40/62 MP: 6/6
  2932 | D:4      | Reached skill level 9 in Maces & Flails
  3210 | D:4      | Found a deep blue altar of Sif Muna.
  3283 | D:4      | Noticed a phantom
  3291 | D:4      | Killed a phantom
  3309 | D:4      | Found a staircase to the Ecumenical Temple.
  3392 | D:5      | Entered Level 5 of the Dungeon
  3405 | D:5      | Noticed nikopol's ghost (novice MiBe)
  3641 | D:5      | Reached skill level 10 in Maces & Flails
  3641 | D:5      | Reached XP level 7. HP: 58/70 MP: 7/7
  3792 | D:5      | Reached skill level 11 in Maces & Flails
  4119 | D:5      | Found an oddly glowing altar of Pakellas.
  4129 | D:5      | Found a glowing drain.
  4208 | D:5      | Found Umarayl's Jewellery Shop.
  4273 | D:5      | Found an ancient bone altar of Kikubaaqudgha.
  4277 | D:5      | Noticed a human
  4279 | D:5      | Killed a human
  4423 | D:5      | Found a sacrificial altar of Ru.
  4659 | D:6      | Found a glowing golden altar of the Shining One.
  5051 | D:6      | Found a blossoming altar of Fedhas.
  5102 | D:6      | Reached XP level 8. HP: 49/78 MP: 8/8
  5299 | D:6      | Reached skill level 12 in Maces & Flails
  5941 | D:6      | Reached **** piety under Trog
  6028 | D:6      | Reached skill level 13 in Maces & Flails
  6071 | D:6      | Reached skill level 5 in Fighting
  6954 | D:7      | Reached XP level 9. HP: 62/89 MP: 9/9
  7083 | D:7      | Reached skill level 14 in Maces & Flails
  7421 | D:7      | Found a stormy altar of Qazlal.
  8269 | D:8      | Reached skill level 1 in Throwing
  8373 | D:8      | Reached skill level 15 in Maces & Flails
  9305 | D:8      | Noticed a two-headed ogre
  9310 | D:8      | Killed a two-headed ogre
  9310 | D:8      | Reached XP level 10. HP: 87/104 MP: 10/10
  9432 | D:8      | Noticed Maurice
  9452 | D:8      | Killed Maurice
  9897 | D:8      | Found a blossoming altar of Fedhas.
 10020 | D:9      | Reached skill level 16 in Maces & Flails
 10691 | D:9      | HP: 8/160 [orc priest/war axe (4)]
 10693 | D:9      | HP: 3/160 [orc priest/flail (5)]
 10698 | D:9      | HP: 3/160 [goblin/stone (1)]
 10700 | D:9      | Reached ***** piety under Trog
 10704 | D:9      | Slain by a goblin

Skill      XL: |  1  2  3  4  5  6  7  8  9 10 |
---------------+-------------------------------+-----
Maces & Flails | 5 6 7 8 10 11 13 15 16 | 16.4
Fighting       | 5 7 9 |  9.5
Throwing       | 2 4 |  4.0
Dodging        | |  2.6

Action                   |  1- 3 |  4- 6 |  7- 9 | 10-12 || total
-------------------------+-------+-------+-------+-------++-------
Melee: Mace              |    48 |       |       |       ||    48
       Flail             |    58 |   132 |       |       ||   190
       Morningstar       |       |    20 |    68 |       ||    88
       Whip              |       |       |   284 |   133 ||   417
Throw: Large rock        |       |       |     2 |     7 ||     9
       Tomahawk          |       |       |       |     5 ||     5
       Throwing net      |       |       |       |     1 ||     1
Invok: Berserk           |       |     2 |       |     2 ||     4
  Use: Scroll            |       |     3 |       |     9 ||    12
 Stab: Sleeping          |       |     1 |     2 |       ||     3
  Eat: Chunk             |     1 |     8 |    14 |     5 ||    28
       Pizza             |       |     1 |       |       ||     1
       Beef jerky        |       |       |     2 |     1 ||     3
Armor: Animal skin       |    37 |    36 |    44 |     8 ||   125
Dodge: Dodged            |    83 |    75 |   107 |    44 ||   309
